General information
- name: BNet
- type: Ladder team game (AT/RT)
- host: Battle.net
- saver: HomerSimpson
map: Deadlands
- players: 8
- length: 23:59
- speed: Fast
- version: 1.28 W3XP
- replay type: Public
» download(225 KB)
Players
team 1 (loser)
CondylomataLata (
yellow | 86 APM | 1993 actions | 23:17)
6 Death Knight
3 Death Coil
3 Unholy Aura
4 Lich
2 Frost Nova
1 Frost Armor
1 Dark Ritual
3 Pit Lord
1 Howl of Terror
2 Rain of Fire
» actions
| Assign group hotkey | 32 | |
| Basic commands | 114 | |
| Build / train | 100 | |
| ESC pressed | 2 | |
| Enter build submenu | 15 | |
| Enter hero's abilities submenu | 13 | |
| Give item / drop item | 1 | |
| Right click | 1049 | |
| Select / deselect | 323 | |
| Select group hotkey | 236 | |
| Use ability | 108 | |
1993 total
» units
| Acolyte | 9 | |
| Ghoul | 5 | |
| Crypt Fiend | 12 | |
| Obsidian Statue | 5 | |
| Frost Wyrm | 5 | |
36 total
» upgrades
| Creature Attack | 3 | |
| Creature Carapace | 2 | |
| Web | 1 | |
| Ghoul Frenzy | 1 | |
| Freezing Breath | 1 | |
| Burrow | 1 | |
9 total
» buildings
| Graveyard | 1 | |
| Crypt | 1 | |
| Altar of Darkness | 1 | |
| Ziggurat | 7 | |
| Tomb of Relics | 1 | |
| Nerubian Tower | 4 | |
| Halls of the Dead | 2 | |
| Necropolis | 1 | |
| Black Citadel | 2 | |
| Sacrificial Pit | 1 | |
| Slaughterhouse | 1 | |
| Spirit Tower | 6 | |
| Boneyard | 3 | |
31 total
» build order
00:11 Graveyard
00:13 Crypt
00:44 Altar of Darkness
00:59 Ziggurat
01:26 Tomb of Relics
02:02 Ziggurat
02:34 Nerubian Tower
02:34 Nerubian Tower
03:44 Ziggurat
08:19 Halls of the Dead
08:19 Halls of the Dead
10:19 Necropolis
10:20 Ziggurat
10:21 Ziggurat
10:22 Ziggurat
10:23 Ziggurat
10:40 Black Citadel
10:40 Black Citadel
10:42 Sacrificial Pit
10:43 Slaughterhouse
11:14 Nerubian Tower
11:14 Nerubian Tower
11:16 Spirit Tower
11:16 Spirit Tower
11:20 Spirit Tower
11:20 Spirit Tower
12:06 Spirit Tower
12:06 Spirit Tower
13:06 Boneyard
13:12 Boneyard
13:13 Boneyard
» items
| Rod of Necromancy | 3 | |
| Dust of Appearance | 1 | |
| Scroll of Town Portal | 2 | |
| Orb of Corruption | 1 | |
| Scroll of Healing | 1 | |
8 total

»
eat_a_deck (
purple | 52 APM | 1207 actions | 23:18)
5 Archmage
3 Blizzard
2 Brilliance Aura
3 Paladin
2 Holy Light
1 Divine Shield
» actions
| Assign group hotkey | 22 | |
| Basic commands | 4 | |
| Build / train | 71 | |
| Enter build submenu | 19 | |
| Enter hero's abilities submenu | 8 | |
| Remove unit from queue | 1 | |
| Right click | 540 | |
| Select / deselect | 297 | |
| Select group hotkey | 173 | |
| Use ability | 72 | |
1207 total
» units
| Peasant | 25 | |
| Footman | 10 | |
| Mortar Team | 4 | |
| Knight | 3 | |
| Siege Engine | 2 | |
44 total
» upgrades
| Defend | 1 | |
| Swords | 1 | |
| Plating | 1 | |
| Gunpowder | 1 | |
| Lumber Harvesting | 2 | |
| Flare | 1 | |
| Fragmentation Shards | 1 | |
| Barrage | 1 | |
| Flak Cannons | 1 | |
| Flying Machine Bombs | 1 | |
11 total
» buildings
| Altar of Kings | 1 | |
| Barracks | 2 | |
| Farm | 9 | |
| Scout Tower | 1 | |
| Arcane Tower | 1 | |
| Lumber Mill | 1 | |
| Blacksmith | 1 | |
| Keep | 2 | |
| Castle | 1 | |
| Workshop | 2 | |
| Town Hall | 2 | |
| Arcane Vault | 1 | |
24 total
» build order
00:08 Altar of Kings
00:16 Barracks
00:37 Farm
00:54 Farm
01:54 Scout Tower
02:00 Farm
02:28 Barracks
02:44 Farm
03:13 Arcane Tower
03:39 Lumber Mill
03:52 Blacksmith
05:12 Farm
05:13 Farm
07:12 Keep
07:12 Keep
10:21 Castle
10:34 Workshop
10:37 Workshop
11:53 Farm
11:54 Farm
11:55 Farm
13:35 Town Hall
15:27 Town Hall
20:17 Arcane Vault
MpartzokaS (
green | 63 APM | 1498 actions | 23:38)
6 Priestess of the Moon
2 Searing Arrows
3 Trueshot Aura
1 Starfall
» actions
| Build / train | 66 | |
| Enter build submenu | 16 | |
| Enter hero's abilities submenu | 6 | |
| Remove unit from queue | 5 | |
| Right click | 1036 | |
| Select / deselect | 348 | |
| Use ability | 21 | |
1498 total
» units
| Wisp | 10 | |
| Archer | 24 | |
| Chimaera | 16 | |
| Hippogryph | 2 | |
52 total
» upgrades
» buildings
| Moon Well | 5 | |
| Altar of Elders | 1 | |
| Ancient of War | 1 | |
| Tree of Ages | 1 | |
| Tree of Eternity | 1 | |
| Ancient of Wind | 1 | |
| Chimaera Roost | 2 | |
| Tree of Life | 2 | |
14 total
» build order
00:44 Moon Well
00:51 Altar of Elders
00:54 Ancient of War
01:26 Moon Well
01:55 Moon Well
03:41 Tree of Ages
05:06 Moon Well
05:08 Moon Well
06:40 Tree of Eternity
07:14 Ancient of Wind
09:04 Chimaera Roost
09:05 Chimaera Roost
16:20 Tree of Life
21:36 Tree of Life
team 2 (winner)

»
Le_bon (
red | 81 APM | 1945 actions | 23:58)
5 Archmage
3 Blizzard
2 Brilliance Aura
4 Blood Mage
2 Flame Strike
2 Siphon Mana
» actions
| Assign group hotkey | 72 | |
| Basic commands | 18 | |
| Build / train | 88 | |
| Enter build submenu | 49 | |
| Enter hero's abilities submenu | 9 | |
| Give item / drop item | 3 | |
| Right click | 799 | |
| Select / deselect | 457 | |
| Select group hotkey | 334 | |
| Use ability | 116 | |
1945 total
» units
| Peasant | 22 | |
| Footman | 8 | |
| Priest | 3 | |
| Sorceress | 4 | |
| Spell Breaker | 5 | |
| Dragonhawk Rider | 6 | |
48 total
» upgrades
| Lumber Harvesting | 1 | |
| Sorceress Training | 2 | |
| Swords | 1 | |
| Plating | 1 | |
| Priest Training | 1 | |
| Masonry | 1 | |
| Cloud | 1 | |
8 total
» buildings
| Altar of Kings | 1 | |
| Barracks | 1 | |
| Farm | 11 | |
| Lumber Mill | 2 | |
| Scout Tower | 15 | |
| Town Hall | 3 | |
| Arcane Vault | 2 | |
| Keep | 1 | |
| Guard Tower | 6 | |
| Arcane Tower | 1 | |
| Arcane Sanctum | 2 | |
| Blacksmith | 1 | |
| Castle | 1 | |
| Gryphon Aviary | 2 | |
49 total
» build order
00:04 Altar of Kings
00:19 Barracks
00:24 Farm
01:01 Farm
01:38 Farm
02:21 Farm
03:34 Farm
03:57 Lumber Mill
04:01 Lumber Mill
04:39 Scout Tower
04:49 Town Hall
04:52 Scout Tower
04:54 Arcane Vault
04:59 Scout Tower
05:11 Keep
05:29 Guard Tower
05:30 Arcane Tower
06:58 Farm
07:33 Arcane Sanctum
07:35 Arcane Sanctum
10:19 Arcane Vault
10:22 Blacksmith
12:08 Castle
12:18 Scout Tower
12:18 Scout Tower
12:21 Scout Tower
12:21 Scout Tower
12:47 Scout Tower
12:49 Guard Tower
12:51 Scout Tower
12:59 Town Hall
13:03 Guard Tower
13:14 Farm
13:19 Guard Tower
15:45 Scout Tower
17:07 Gryphon Aviary
17:07 Gryphon Aviary
18:10 Farm
18:10 Farm
18:11 Farm
18:11 Farm
18:21 Scout Tower
18:22 Guard Tower
19:09 Scout Tower
19:10 Scout Tower
19:41 Scout Tower
19:46 Scout Tower
20:26 Guard Tower
23:29 Town Hall
» items
| Scroll of Regeneration | 2 | |
| Lesser Clarity Potion | 4 | |
| Scroll of Town Portal | 3 | |
| Potion of Healing | 3 | |
12 total

»
guardmanjaq (
pink | 37 APM | 881 actions | 23:58)
4 Death Knight
2 Death Coil
2 Unholy Aura
3 Lich
2 Frost Nova
1 Frost Armor
» actions
| Basic commands | 321 | |
| Build / train | 69 | |
| ESC pressed | 10 | |
| Enter build submenu | 25 | |
| Enter hero's abilities submenu | 7 | |
| Give item / drop item | 2 | |
| Remove unit from queue | 4 | |
| Right click | 16 | |
| Select / deselect | 330 | |
| Use ability | 96 | |
881 total
» units
| Acolyte | 13 | |
| Ghoul | 11 | |
| Crypt Fiend | 9 | |
| Obsidian Statue | 5 | |
| Frost Wyrm | 3 | |
41 total
» upgrades
| Creature Attack | 1 | |
| Creature Carapace | 1 | |
2 total
» buildings
| Altar of Darkness | 2 | |
| Crypt | 2 | |
| Ziggurat | 7 | |
| Graveyard | 1 | |
| Tomb of Relics | 2 | |
| Halls of the Dead | 1 | |
| Necropolis | 1 | |
| Slaughterhouse | 1 | |
| Black Citadel | 1 | |
| Sacrificial Pit | 1 | |
| Boneyard | 5 | |
| Spirit Tower | 4 | |
28 total
» build order
00:35 Altar of Darkness
00:37 Crypt
00:41 Ziggurat
01:07 Graveyard
01:20 Tomb of Relics
01:44 Ziggurat
03:51 Ziggurat
04:13 Halls of the Dead
04:54 Ziggurat
05:16 Necropolis
06:52 Slaughterhouse
10:11 Black Citadel
10:20 Sacrificial Pit
11:57 Ziggurat
12:00 Ziggurat
12:46 Boneyard
13:01 Boneyard
13:04 Boneyard
16:25 Boneyard
16:36 Boneyard
18:12 Spirit Tower
18:14 Spirit Tower
18:18 Spirit Tower
18:20 Spirit Tower
20:05 Altar of Darkness
20:43 Crypt
20:58 Ziggurat
21:30 Tomb of Relics
» items
| Rod of Necromancy | 2 | |
| Scroll of Town Portal | 3 | |
| Potion of Healing | 2 | |
7 total
HomerSimpson (
blue | 50 APM | 1204 actions | 23:59)
7 Paladin
3 Divine Shield
3 Holy Light
1 Resurrection
» actions
| Assign group hotkey | 18 | |
| Basic commands | 24 | |
| Build / train | 75 | |
| Enter build submenu | 30 | |
| Enter hero's abilities submenu | 7 | |
| Right click | 411 | |
| Select / deselect | 472 | |
| Select group hotkey | 81 | |
| Use ability | 86 | |
1204 total
» units
| Peasant | 22 | |
| Siege Engine | 10 | |
| Mortar Team | 8 | |
40 total
» upgrades
| Masonry | 3 | |
| Lumber Harvesting | 2 | |
| Gunpowder | 3 | |
| Plating | 3 | |
| Barrage | 1 | |
| Armor | 3 | |
| Fragmentation Shards | 1 | |
| Flare | 1 | |
17 total
» buildings
| Farm | 9 | |
| Altar of Kings | 1 | |
| Keep | 1 | |
| Blacksmith | 2 | |
| Lumber Mill | 1 | |
| Castle | 1 | |
| Workshop | 3 | |
| Scout Tower | 13 | |
| Guard Tower | 3 | |
| Arcane Vault | 1 | |
35 total
» build order
01:15 Farm
01:25 Farm
03:50 Altar of Kings
03:54 Keep
04:02 Blacksmith
04:05 Blacksmith
04:08 Lumber Mill
06:15 Castle
06:25 Workshop
06:26 Workshop
06:27 Workshop
06:35 Farm
06:35 Farm
06:37 Farm
06:38 Farm
06:40 Farm
06:41 Farm
07:20 Scout Tower
07:20 Scout Tower
07:23 Scout Tower
07:24 Scout Tower
07:27 Scout Tower
07:29 Scout Tower
07:52 Guard Tower
08:02 Guard Tower
10:59 Scout Tower
10:59 Scout Tower
11:40 Guard Tower
16:34 Farm
19:25 Arcane Vault
19:33 Scout Tower
19:34 Scout Tower
19:34 Scout Tower
19:34 Scout Tower
19:35 Scout Tower
» items
| Scroll of Town Portal | 2 | |
| Potion of Healing | 1 | |
| Lesser Clarity Potion | 1 | |
| Orb of Fire | 1 | |
5 total

»
randomlyrandom4 (
orange | 34 APM | 823 actions | 23:58)
4 Mountain King
2 Storm Bolt
2 Thunder Clap
2 Paladin
1 Divine Shield
1 Devotion Aura
» actions
| Assign group hotkey | 24 | |
| Build / train | 72 | |
| Enter build submenu | 20 | |
| Enter hero's abilities submenu | 6 | |
| Right click | 346 | |
| Select / deselect | 283 | |
| Select group hotkey | 16 | |
| Use ability | 56 | |
823 total
» units
| Peasant | 10 | |
| Footman | 6 | |
| Rifleman | 5 | |
| Dragonhawk Rider | 13 | |
| Gryphon Rider | 3 | |
37 total
» upgrades
| Masonry | 2 | |
| Gunpowder | 2 | |
| Swords | 3 | |
| Storm Hammers | 1 | |
| Lumber Harvesting | 1 | |
| Animal War Training | 1 | |
| Cloud | 1 | |
| Armor | 2 | |
13 total
» buildings
| Altar of Kings | 1 | |
| Farm | 6 | |
| Barracks | 1 | |
| Scout Tower | 3 | |
| Arcane Vault | 1 | |
| Lumber Mill | 1 | |
| Arcane Tower | 2 | |
| Blacksmith | 1 | |
| Guard Tower | 3 | |
| Keep | 1 | |
| Castle | 1 | |
| Gryphon Aviary | 2 | |
| Town Hall | 1 | |
24 total
» build order
00:06 Altar of Kings
00:09 Farm
01:04 Barracks
01:18 Scout Tower
01:38 Farm
01:54 Arcane Vault
02:18 Lumber Mill
02:28 Arcane Tower
03:10 Farm
04:09 Blacksmith
04:24 Scout Tower
04:50 Farm
05:00 Guard Tower
05:08 Keep
05:44 Farm
07:29 Farm
07:30 Castle
07:36 Gryphon Aviary
09:07 Guard Tower
09:27 Scout Tower
09:42 Arcane Tower
10:29 Guard Tower
13:17 Gryphon Aviary
18:59 Town Hall
» items
| Ivory Tower | 2 | |
| Orb of Fire | 2 | |
| Scroll of Town Portal | 3 | |
7 total
Chat log
(00:05 / Allies) guardmanjaq: yo
(00:11 / Allies) Le_bon: he
(00:12 / Allies) randomlyrandom4: hey ey
(00:37 / Allies) randomlyrandom4: sweet
(00:44 / Allies) Le_bon: its okay
(00:46 / Allies) guardmanjaq: give him a sec
(02:21 / Allies) guardmanjaq: its all good now
(02:54 / Allies) guardmanjaq: um blue u gonna get anyting besides peasants?
(05:04 / Allies) randomlyrandom4: whoops
(05:06 / Allies) randomlyrandom4: misclick
(06:08 / Allies) Le_bon: tyty
(06:38 / Allies) guardmanjaq: target heros w magic tower
(07:03 / Allies) Le_bon: how lucky was that
(07:15 / Allies) Le_bon: ran straight up the my xpo
(07:20 / Allies) randomlyrandom4: no kidding
(07:34 / Allies) guardmanjaq: i mean, pretty standard to check expos early on this map
(07:43 / Allies) Le_bon: this early?
(07:45 / Allies) HomerSimpson: they mh
(07:58 / Allies) randomlyrandom4: I'll tp as soon as my hero pops
(08:04 / Allies) Le_bon: same
(08:12 / All) HomerSimpson: who has the mh
(08:30 / All) eat_a_deck: not needed
(08:34 / All) HomerSimpson: yeah sure bud
(08:40 / All) HomerSimpson: ran right to the perfect base
(08:57 / All) eat_a_deck: because I can sense little bitches
(09:04 / All) HomerSimpson: uh huh
(10:42 / Allies) HomerSimpson: ran straight for my base when I started to tower
(10:44 / Allies) Le_bon: fiend
(11:01 / Allies) Le_bon: send tank to xpo
(11:05 / Allies) Le_bon: scout
(11:09 / Allies) guardmanjaq: honeslty thought we were done there
(11:18 / Allies) HomerSimpson: green going chim
(12:05 / Allies) Le_bon: goldpink?
(12:24 / Allies) Le_bon: ty
(12:42 / Allies) Le_bon: comme oj?
(13:43 / Allies) guardmanjaq: tp
(14:02 / Allies) guardmanjaq: i guess leave it
(14:05 / Allies) Le_bon: tp
(14:07 / Allies) Le_bon: tp
(14:08 / Allies) Le_bon: !!
(15:30 / Allies) Le_bon: sweet
(15:39 / Allies) Le_bon: purp pretty much outta ressource
(15:47 / Allies) guardmanjaq: i need lumber
(15:56 / Allies) Le_bon: il tower here
(15:57 / Allies) guardmanjaq: ty
(16:01 / Allies) Le_bon: somone send
(16:15 / Allies) Le_bon: xpo plx boys
(16:50 / Allies) guardmanjaq: who needs gold
(16:52 / Allies) HomerSimpson: me
(17:26 / Allies) HomerSimpson: coming with tank
(18:00 / Allies) Le_bon: omg
(18:03 / Allies) Le_bon: they focus my hero so bad
(19:36 / Allies) Le_bon: pump aco
(20:08 / Allies) randomlyrandom4: frosty
(22:25 / Allies) HomerSimpson: go
(22:29 / Allies) guardmanjaq: stay togther
(22:38 / Allies) guardmanjaq: gogogogo
(22:42 / Allies) guardmanjaq: oj get in there
(23:16 / All) CondylomataLata: gg
(23:36 / Allies) guardmanjaq: wow cant believe we gonna win this lol
(23:40 / Allies) randomlyrandom4: lol
(23:42 / Allies) randomlyrandom4: way to go